 Dungeon Crawl Stone Soup version 0.22.0-38-g04b72b8c25 (webtiles) character file.

30 Freyura the Magician (level 3, -1/20 HPs)
             Began as a Deep Elf Wizard on Aug 31, 2018.
             Slain by an adder (3 damage)
             ... on level 2 of the Dungeon.
             The game lasted 00:12:45 (1326 turns).

Freyura the Magician (Deep Elf Wizard)              Turns: 1326, Time: 00:12:46

Health: -1/20      AC:  2    Str:  4    XL:     3   Next: 5%
Magic:  6/11       EV: 13    Int: 23    God:
Gold:   29         SH:  0    Dex: 13    Spells: 4/12 levels left

rFire    . . .     SeeInvis .   e - +2 dagger (holy)
rCold    . . .     Gourm    .   (no shield)
rNeg     . . .     Faith    .   a - +0 robe
rPois    .         Spirit   .   b - +0 hat
rElec    .         Reflect  .   (no cloak)
rCorr    .         Harm     .   (no gloves)
MR       .....                  (no boots)
Stlth    ++........             (no amulet)
HPRegen  0.06/turn              (no ring)
MPRegen  0.12/turn              (no ring)

@: lethally poisoned (-1 -> -3)
A: no striking features
a: no special abilities


You were on level 2 of the Dungeon.
You were full.

You visited 1 branch of the dungeon, and saw 2 of its levels.

You collected 29 gold pieces.

Inventory:

Hand Weapons
 e - a +2 dagger of holy wrath (weapon)
Armour
 a - a +0 robe (worn)
 b - a +0 hat (worn)
Scrolls
 c - a scroll of identify
Potions
 f - 2 potions of magic {unknown}
 g - a potion of curing {unknown}
Comestibles
 d - 2 rations


   Skills:
 + Level 0.6 Fighting
 - Level 0.4 Short Blades
 + Level 2.8 Dodging
 - Level 2.4 Stealth
 * Level 5.0 Spellcasting
 + Level 1.5 Conjurations
 + Level 1.2 Summonings
 + Level 1.2 Translocations


You had 4 spell levels left.
You knew the following spells:

 Your Spells              Type           Power        Failure   Level  Hunger
a - Magic Dart            Conj           ##..         4%          1    None
b - Blink                 Tloc           N/A          9%          2    None
c - Call Imp              Summ           ##......     9%          2    None
d - Conjure Flame         Conj/Fire      #.......     21%         3    ##.....

Your spell library contained the following spells:

 Spells                   Type           Power        Failure   Level  Hunger
 Slow                     Hex            #.......     14%         2    None
 Mephitic Cloud           Conj/Pois/Air  #.......     22%         3    ##.....


Dungeon Overview and Level Annotations

Branches:
Dungeon (2/15)

Altars:


Message History

The adder closely misses you.
Casting: Magic Dart (safe; 4% risk of failure)
Confirm with . or Enter, or press ? or * to list all spells.
Aiming: Magic Dart (safe; 4% risk of failure)
Press: ? - help, Shift-Dir - straight line, f/p - adder
Aim: an adder (moderately wounded)
The magic dart hits the adder.
The adder is severely wounded.
The adder bites you but does no damage.
Casting: Magic Dart (safe; 4% risk of failure)
Confirm with . or Enter, or press ? or * to list all spells.
Aiming: Magic Dart (safe; 4% risk of failure)
Press: ? - help, Shift-Dir - straight line, f/p - adder
Aim: an adder (severely wounded)
The magic dart hits the adder.
The adder is almost dead.
You feel sick. The adder bites you.
* * * LOW HITPOINT WARNING * * *
The adder bites you.
You die...

#.........# .......).
#.........# #........
#.........# #....?...
#.....).<(#
#######.......
#.........# #..........#
#.........# #..........#
#.........# +†......####
#.........#######.......#
########....!.@Sl.......#
##################


You could see an adder and a frilled lizard.

Vanquished Creatures
  A leopard gecko (D:1)
  A ball python (D:1)
  2 giant cockroaches
  3 hobgoblins (D:1)
  A jackal (D:1)
  6 kobolds
  A quokka (D:2)
  4 bats
  3 frilled lizards (D:1)
  3 goblins
  4 rats (D:1)
29 creatures vanquished.

Notes
Turn   | Place    | Note
-------+----------+-------------------------------------------
     0 | D:1      | Freyura the Deep Elf Wizard began the quest for the Orb.
     0 | D:1      | Reached XP level 1. HP: 10/10 MP: 7/7
   213 | D:1      | Reached XP level 2. HP: 5/15 MP: 7/9
   783 | D:1      | Learned a level 2 spell: Blink
   786 | D:1      | Learned a level 2 spell: Call Imp
   841 | D:1      | Reached skill level 5 in Spellcasting
  1299 | D:2      | Reached XP level 3. HP: 20/20 MP: 8/11
  1306 | D:2      | Learned a level 3 spell: Conjure Flame
  1326 | D:2      | Slain by an adder

Skill      XL: |  1  2 |
---------------+-------+-----
Spellcasting   | 5 |  5.0
Fighting       | |  0.6
Short Blades   | |  0.4
Dodging        | |  2.8
Stealth        | |  2.4
Conjurations   | |  1.5
Summonings     | |  1.2
Translocations | |  1.2

Action                   || total
-------------------------++-------
Melee: Dagger            ||    32
       Unarmed           ||     2
 Cast: Magic Dart        ||    73
  Use: Scroll            ||     2
  Eat: Ration            ||     2
Armor: Robe              ||     5
Dodge: Dodged            ||    30
